 Dungeon Crawl Stone Soup version 0.31-a0-965-g8a8ce12e04 (webtiles) character file.

Game seed: 15830336496792348097

172 Oroden the Changeling (level 5, 0/53 HPs)
             Began as an Ogre Shapeshifter on Oct 26, 2023.
             Splashed by a jelly's acid (1 damage)
             ... on level 4 of the Dungeon.
             The game lasted 00:03:14 (2410 turns).

Oroden the Changeling (Ogre Shapeshifter)           Turns: 2410, Time: 00:03:15

Health: 0/53       AC: -17   Str: 20    XL:     5   Next: 52%
Magic:  5/5        EV:  9    Int: 11    God:
Gold:   188        SH:  0    Dex:  8    Spells: 4/4 levels left

rFire   . .          .
                       - Unarmed
rCold   . . .        (no shield)
rNeg    . . .        a - +0 animal skin
rPois   .            (helmet currently unavailable)
rElec   .            (cloak currently unavailable)
rCorr   .            (gloves unavailable)
SInv    .            (boots unavailable)
Will    .....        (no amulet)
Stlth   +            (no ring)
HPRegen 0.28/turn    (no ring)
MPRegen 0.09/turn

%: no passive effects
@: beast-form, corroded
A: beast (slay +2), large, unfitting armour, tough skin 1
a: Begin Untransformation


You were on level 4 of the Dungeon.
You were a hulking beast.
You visited 1 branch of the dungeon, and saw 4 of its levels.

You collected 188 gold pieces.

Inventory:

Armour
 a - a +0 animal skin (worn)
Talismans
 c - a beast talisman (active)
 d - a flux talisman
Scrolls
 b - 2 scrolls of blinking {unknown}
 g - a scroll of teleportation {unknown}
 h - a scroll of immolation {unknown}
 k - a scroll of vulnerability {unknown}
 l - a scroll of revelation {unknown}
 m - a scroll of enchant armour {unknown}
Potions
 e - a potion of attraction {unknown}
 f - a potion of curing {unknown}
 i - a potion of might {unknown}
 j - a potion of magic {unknown}
 n - a potion of mutation {unknown}


   Skills:
 + Level 3.3 Fighting
 - Level 1.7 Dodging
 - Level 4.0 Unarmed Combat
 + Level 4.2 Shapeshifting


You had 4 spell levels left.
You didn't know any spells.
Your spell library contained the following spells:

 Spells                   Type           Power      Damage    Failure   Level
 Ensorcelled Hibernation  Hex/Ice        0%         N/A       47%         2
 Passwall                 Tmut/Erth      0%         N/A       47%         2
 Swiftness                Air            0%         N/A       71%         3


Dungeon Overview and Level Annotations

Branches:
Dungeon (4/15)
 Temple: D:4-7

Altars:


Innate Abilities, Weirdness & Mutations

You are a hulking beast.
Your limbs bulge with bestial killing power. (Slay +2)
You are too large for most types of armour.
You have tough skin. (AC +1)


Message History

The jelly quivers.
A jelly is nearby!
A jelly is nearby!
Found a stone staircase leading down.
You punch the jelly! The acid corrodes you!
Your hands burn!
The jelly is heavily wounded.
The jelly hits you.
You are splashed with acid!
You hit the jelly. The acid corrodes you!
Your hands burn!
You punch the jelly, but do no damage.
The jelly is heavily wounded.
The jelly hits you. The acid corrodes you!
You are splashed with acid.
You hit the jelly.
Your hands burn!
The jelly is severely wounded.
The jelly misses you.
You are too injured to fight recklessly!
You are too injured to fight recklessly!
You are too injured to fight recklessly!
You are too injured to fight recklessly!
You are too injured to fight recklessly!
You are too injured to fight recklessly!
You are too injured to fight recklessly!
You are too injured to fight recklessly!
You are too injured to fight recklessly!
You are too injured to fight recklessly!
You are too injured to fight recklessly!
You hit the jelly.
Your hands burn!
The jelly is severely wounded.
You hit the jelly but do no damage. The acid corrodes you!
Your hands burn!
The jelly is severely wounded.
The jelly hits you. The acid corrodes you!
You are splashed with acid!
* * * LOW HITPOINT WARNING * * *
You hit the jelly.
Your hands burn!
* * * LOW HITPOINT WARNING * * *
The jelly is almost dead.
The jelly hits you.
* * * LOW HITPOINT WARNING * * *
The acid corrodes you!
You are splashed with acid.
* * * LOW HITPOINT WARNING * * *
You hit the jelly but do no damage.
Your hands burn!
You die...

..# #># #.# # #.# #.#
#.# #. #.# #.# #.#
#.##.# #.#
#.#.##....## #.#
#.#........† #.#
#.#######.## #J# #.#
#.# #.###h#
#.#######.#
#.....#####.........#
#.............########
#.############# #. #
#. #. #. #. #.


You could see a jelly.

Vanquished Creatures
  Natasha (D:3)
  7 adders
  2 dart slugs
  An orc (D:4)
  8 bats
  9 endoplasms
  2 giant cockroaches (D:2)
  7 goblins
  6 hobgoblins
  4 jackals (D:1)
  4 quokkas
  7 ball pythons
  3 frilled lizards
  9 kobolds
  7 rats
77 creatures vanquished.

Notes
Turn   | Place    | Note
-------+----------+-------------------------------------------
     0 | D:1      | Oroden the Ogre Shapeshifter began the quest for the Orb.
     0 | D:1      | Reached XP level 1. HP: 19/19 MP: 1/1
    69 | D:1      | Reached XP level 2. HP: 21/28 MP: 2/2
   250 | D:1      | Reached XP level 3. HP: 8/35 MP: 3/3
   847 | D:2      | Reached XP level 4. HP: 19/42 MP: 4/4
  1538 | D:2      | Reached XP level 5. HP: 47/50 MP: 5/5
  2036 | D:3      | Noticed Natasha
  2043 | D:3      | Killed Natasha
  2123 | D:3      | Noticed an ogre
  2409 | D:4      | HP: 1/53 [acid (6)]
  2410 | D:4      | Splashed by a jelly's acid

Illustrated notes

Levels and vault maps discovered:
D:1:      enne_arrival_octagon_isle, layout_rooms, chequers_arboretum
D:2:      mumra_celtic_spiral_tile, layout_loops_ring, minmay_indecisive_spiral
D:3:      layout_basic, kennysheep_pointless_box, uniq_natasha
D:4:      layout_loops_ring, grunt_temple_overflow_champion_of_chaos,
          minivault_5, columned_hall_lemuel

Skill      XL: |  1  2  3  4  5 |
---------------+----------------+-----
Unarmed Combat | 3 4 |  4.0
Fighting       | 2 3 |  3.3
Shapeshifting  | 4 |  4.2
Dodging        | |  1.7

Action                     |  1- 3 |  4- 6 || total
---------------------------+-------+-------++-------
  Melee: Unarmed           |   113 |   128 ||   241
         Punch             |     1 |     3 ||     4
    Use: Potion            |     1 |       ||     1
 Armour: Animal skin       |    67 |    77 ||   144
         Skin              |     4 |     8 ||    12
  Dodge: Dodged            |    50 |    52 ||   102
   Form: Beast             |     1 |       ||     1

Table legend: (Time is in decaauts)
 A = Elapsed time spent in this place.
 B = Non-inter-level travel time spent in this place.
 C = Inter-level travel time spent in this place.
 D = Time resting spent in this place.
 E = Time spent auto-exploring this place.
 F = Levels seen in this place.
 G = Mean time per level.
                   A        B        C        D        E       F      G
               +--------+--------+--------+--------+--------+-----+--------+
         Total |   2393 |   2393 |      0 |      0 |   1802 |   4 |  598.2 |
       Dungeon |   2393 |   2393 |      0 |      0 |   1802 |   4 |  598.2 |
               +--------+--------+--------+--------+--------+-----+--------+

Top non-repeatable levels by time:
     D:2: 1077 daAuts
     D:1: 816 daAuts
     D:4: 269 daAuts
     D:3: 230 daAuts
